 Dungeon Sprint DCSS version 0.22-a0-259-gdd11e71 (webtiles) character file.

12408 Ghella the Imperceptible (level 11, -22/59 HPs)
             Began as a Spriggan Enchanter on Mar 6, 2018.
             Was a High Priest of Jiyva.
             Annihilated by a vampire knight (26 damage)
             ... while paralysed by a vampire knight
             ... in the Dungeon (Sprint IX: "|||||||||||||||||||||||||||||").
             The game lasted 00:22:33 (4606 turns).

Ghella the Imperceptible (Spriggan Enchanter)       Turns: 4606, Time: 00:22:34

Health: -22/59     AC:  5    Str:  9    XL:     11   Next: 62%
Magic:  2/29       EV:  4    Int: 21    God:    Jiyva [*****.]
Gold:   1382       SH:  0    Dex: 20    Spells: 31/37 levels left

rFire    . . .     SeeInvis +   m - +2 rapier (elec)
rCold    . . .     Gourm    .   (shield restricted)
rNeg     . . .     Faith    .   b - +0 robe
rPois    +         Spirit   .   (helmet restricted)
rElec    +         Reflect  .   (no cloak)
rCorr    +         Harm     .   (gloves unavailable)
MR       +....     NoTele   +   (boots unavailable)
Stlth    +++++++++.             (no amulet)
HPRegen  0.19/turn              n - +3 ring of dexterity
MPRegen  0.21/turn              x - +2 ring of slaying

@: paralysed, very quick
A: very small, unfitting armour, claws 1, talons 2, slimy green scales 1, yellow
scales 1, see invisible, agile 1, clever 2, herbivore, speed 3, sense
surroundings 1, poison resistance, robust 1, electricity resistance, slow
metabolism 2, acidic bite, eyeballs 1, pseudopods 2, translucent skin 2,
evolution 2, tendrils, jelly absorbing missiles
a: Request Jelly, Slimify, Cure Bad Mutation, Renounce Religion


You were in the Dungeon.
You worshipped Jiyva.
Jiyva was extremely pleased with you.
You were completely stuffed.

You visited 1 branch You collected 1863 gold pieces.
You spent 481 gold pieces at shops.

Inventory:

Hand Weapons
 a - a +1 dagger
 m - a +2 rapier of electrocution (weapon)
Armour
 b - a +0 robe (worn)
Jewellery
 n - a +3 ring of dexterity (left claw)
 o - a +3 ring of intelligence
 x - a +2 ring of slaying (right claw)
Wands
 l - a wand of iceblast (10)
Scrolls
 i - 2 scrolls of remove curse
 j - 4 scrolls of blinking
 k - 2 scrolls of amnesia
 s - 2 scrolls of fear
 t - 2 scrolls of enchant weapon
 u - 2 scrolls of enchant armour
 w - a scroll of fog
Potions
 c - a potion of invisibility
 e - 5 potions of curing
 f - 3 potions of heal wounds
 g - a potion of haste
 h - 4 potions of magic
 p - 4 potions of berserk rage
 q - a potion of might
 r - 2 potions of agility
 v - a potion of flight
Comestibles
 d - a ration


   Skills:
 + Level 4.5 Fighting
 + Level 11.9 Short Blades
 + Level 8.6 Dodging
 * Level 26.0 Stealth
 + Level 13.7 Spellcasting
 + Level 14.3 Hexes
 + Level 5.1 Ice Magic


You had 31 spell levels left.
You knew the following spells:

 Your Spells              Type           Power        Failure   Level  Hunger
a - Corona                Hex            ######.      0%          1    None
b - Ensorcelled Hibernat  Hex/Ice        ######       1%          2    None
c - Confuse               Hex            ######..     1%          3    None


Dungeon Overview and Level Annotations

Branches:
Dungeon (1/1)

Altars:
Cheibriados
Dithmenos
Elyvilon
Fedhas
Gozag
Hepliaklqana
Kikubaaqudgha
Makhleb
Nemelex Xobeh
Okawaru
Qazlal
Ru
Sif Muna
Trog
Uskayaw
Vehumet
Wu Jian
Xom
Yredelemnul
Zin
The Shining One
Beogh
Jiyva
Lugonu

Shops:
D =}**


Innate Abilities, Weirdness & Mutations

You are very small and have problems with some larger weapons.
You are too small for most types of armour.
You have supernaturally acute eyesight. (SInv)
You are a herbivore.
You cover ground extremely quickly.
You need to consume almost no food.
You have sharp fingernails.
You have razor-sharp toenails.
You are partially covered in slimy green scales. (AC +2)
You are partially covered in yellow scales. (AC +2)
You are agile. (Dex +2)
Your mind is very acute. (Int +4)
You passively map a small area around you.
Your system is resistant to poisons. (rPois)
You are robust. (+10% HP)
You are resistant to electric shocks. (rElec)
You have acidic saliva.
Your body has grown golden eyes which may confuse attackers. (Acc +3)
Armour fits poorly on your large pseudopods.
Your translucent skin reduces your foes' accuracy. (Stealth)
You rapidly evolve.
You are covered in slimy tendrils that may disarm your opponents.
You have a small jelly attached to you that may absorb incoming projectiles.


Message History

You don't have enough magic at the moment.
You don't have enough magic at the moment.
The vampire knight gestures at you while chanting.
You suddenly lose the ability to move!
The vampire knight blinks!
The vampire knight is infused with unholy energy.
The vampire knight draws life force from you and is healed!
The vampire knight hits you but does no damage.
The vampire knight bites you.
The vampire knight draws strength from your injuries!
The vampire knight hits you. The vampire knight bites you!
* * * LOW HITPOINT WARNING * * *
The vampire knight draws strength from your injuries!
The vampire knight hits you!
* * * LOW HITPOINT WARNING * * *
The vampire knight bites you.
* * * LOW HITPOINT WARNING * * *
The vampire knight draws strength from your injuries!
The vampire knight hits you!!
You die...

, , , , * *** * * , , ,, , , * *
** ** * * * ** ,,, ,, , ,
▓▓▓▓▓▓▓▓▓▓▓▓▓▓▓▓▓▓▓▓▓▓▓▓▓▓ **
........V.....O§.'..T..DZ. ,,,
▓▓▓▓▓▓▓▓▓▓▓▓▓▓▓▓▓▓▓▓▓▓▓▓▓▓▓▓▓▓▓▓▓
...............V@................
▓▓▓▓▓▓▓▓▓▓▓▓▓▓▓▓▓▓▓▓▓▓▓▓▓▓▓▓▓▓▓▓▓
..'..........J.'...J.∩.∩.∩.∩.....
▓▓▓▓▓▓▓▓▓▓▓▓▓▓▓▓▓▓▓▓▓▓▓▓▓▓▓▓▓▓▓▓▓
..JJ.............................
▓▓▓▓▓▓▓▓▓▓▓▓▓▓▓▓▓▓▓▓▓▓▓▓▓▓▓▓▓▓▓▓▓
÷....÷'{......÷.'÷{÷.....[(..'JJ.
▓▓▓▓▓▓▓▓▓▓▓▓▓▓▓▓▓▓▓▓▓▓▓▓▓▓▓▓▓▓▓▓▓
.................................


You could see a vampire knight (invisible).

Vanquished Creatures
  A fire dragon (D)
  Josephine (D)
  A hydra (D)
  3 orc high priests (D)
  An unseen horror (D)
  5 orc knights (D)
  An orc sorcerer (D)
  A black mamba (D)
  2 komodo dragons (D)
  6 polar bears (D)
  A hornet (D)
  2 hippogriffs (D)
  5 wraiths (D)
  A wyvern (D)
  A water moccasin (D)
  4 porcupines (D)
  8 orc warriors (D)
  An ice beast (D)
  2 black bears (D)
  A wolf (D)
  A centaur (D)
  2 crocodiles (D)
  4 bullfrogs (D)
  A wight (D)
  A hound (D)
  3 orc priests (D)
  An orc wizard (D)
  An adder skeleton (D)
  An adder zombie (D)
  2 dart slugs (D)
  7 orcs (D)
  A bat zombie (D)
  A kobold (D)
  A quokka (D)
  A frilled lizard (D)
  A rat (D)
77 creatures vanquished.

Vanquished Creatures (collateral kills)
  An orc knight (D)
  A yak (D)
  An orc warrior (D)
  An orc priest (D)
  An orc (D)
5 creatures vanquished.

Vanquished Creatures (others)
  Gastronok (D)
  5 orc high priests (D)
  119 jellies (D)
  A water moccasin (D)
  An orc warrior (D)
  A wolf (D)
  A crocodile (D)
  2 bullfrogs (D)
  A scorpion (D)
  A hound (D)
  An adder skeleton (D)
  An orc (D)
  A bat skeleton (D)
  A bat zombie (D)
  A giant cockroach zombie (D)
138 creatures vanquished.

Grand Total: 220 creatures vanquished

Notes
Turn   | Place    | Note
-------+----------+-------------------------------------------
     0 | D        | Ghella the Spriggan Enchanter began the quest for the Orb.
     0 | D        | Reached XP level 1. HP: 9/9 MP: 5/5
    12 | D        | Reached skill level 5 in Stealth
    21 | D        | Reached skill level 6 in Stealth
    21 | D        | Reached XP level 2. HP: 13/13 MP: 7/7
   170 | D        | Learned a level 2 spell: Ensorcelled Hibernation
   195 | D        | Reached skill level 5 in Hexes
   206 | D        | Reached skill level 7 in Stealth
   311 | D        | Found a roughly hewn altar of Beogh.
   311 | D        | Found a snail-covered altar of Cheibriados.
   311 | D        | Found a shadowy altar of Dithmenos.
   311 | D        | Found a white marble altar of Elyvilon.
   311 | D        | Found a blossoming altar of Fedhas.
   311 | D        | Found an opulent altar of Gozag.
   312 | D        | Found a hazy altar of Hepliaklqana.
   313 | D        | Found a viscous altar of Jiyva.
   314 | D        | Found an ancient bone altar of Kikubaaqudgha.
   315 | D        | Found a corrupted altar of Lugonu.
   316 | D        | Found a burning altar of Makhleb.
   317 | D        | Found a sparkling altar of Nemelex Xobeh.
   318 | D        | Found an iron altar of Okawaru.
   319 | D        | Found a stormy altar of Qazlal.
   320 | D        | Found a sacrificial altar of Ru.
   321 | D        | Became a worshipper of Jiyva Jautsaoh the Shapeless
   322 | D        | Found a deep blue altar of Sif Muna.
   323 | D        | Found a bloodstained altar of Trog.
   324 | D        | Found a hide-covered altar of Uskayaw.
   325 | D        | Found a radiant altar of Vehumet.
   326 | D        | Found an ornate altar of the Wu Jian Council.
   327 | D        | Found a shimmering altar of Xom.
   328 | D        | Found a basalt altar of Yredelemnul.
   329 | D        | Found a glowing silver altar of Zin.
   330 | D        | Found a glowing golden altar of the Shining One.
   354 | D        | Reached * piety under Jiyva
   355 | D        | Reached ** piety under Jiyva
   355 | D        | Reached *** piety under Jiyva
   360 | D        | Noticed a scorpion
   360 | D        | Noticed a bullfrog
   360 | D        | Noticed a crocodile
   437 | D        | Killed a scorpion
   451 | D        | Killed a bullfrog
   451 | D        | Reached skill level 8 in Stealth
   451 | D        | Reached XP level 3. HP: 14/16 MP: 9/9
   463 | D        | Reached XP level 4. HP: 8/21 MP: 10/10
   477 | D        | Killed a crocodile
   481 | D        | Gained mutation: You have acidic saliva. [Jiyva's grace]
   489 | D        | Reached **** piety under Jiyva
   489 | D        | Gained mutation: You have a small jelly attached to you that may absorb incoming projectiles. [Jiyva's grace]
   697 | D        | Noticed an ice beast
   697 | D        | Noticed a bullfrog
   697 | D        | Noticed a hornet
   697 | D        | Noticed a bullfrog
   697 | D        | Noticed an unseen horror
   699 | D        | Killed an ice beast
   699 | D        | Reached skill level 1 in Fighting
   699 | D        | Reached skill level 5 in Dodging
   699 | D        | Reached skill level 10 in Stealth
   699 | D        | Reached skill level 1 in Ice Magic
   699 | D        | Reached XP level 5. HP: 25/25 MP: 11/13
   701 | D        | Reached skill level 5 in Short Blades
   701 | D        | Reached skill level 11 in Stealth
   701 | D        | Reached skill level 5 in Spellcasting
   703 | D        | Killed a hornet
   703 | D        | Reached skill level 13 in Stealth
   703 | D        | Reached XP level 6. HP: 30/30 MP: 12/15
   720 | D        | Learned a level 3 spell: Confuse
   729 | D        | Reached skill level 14 in Stealth
   746 | D        | Reached XP level 7. HP: 35/35 MP: 13/16
   746 | D        | Reached ***** piety under Jiyva
   747 | D        | Gained mutation: Your mind is acute. (Int +2) [Jiyva's grace]
   747 | D        | Gained mutation: You possess an exceptional clarity of mind. [Jiyva's grace]
   747 | D        | Reached ****** piety under Jiyva
   747 | D        | Gained mutation: You have a small jelly attached to you that senses nearby items. [Jiyva's grace]
   747 | D        | Gained mutation: You have an increased reservoir of magic. (+10% MP) [Jiyva's grace]
   749 | D        | Killed an unseen horror
   749 | D        | Reached skill level 16 in Stealth
   749 | D        | Reached XP level 8. HP: 40/40 MP: 16/20
   750 | D        | Gained mutation: Your skin changes colour to match your surroundings (Stealth+). [Jiyva's grace]
   752 | D        | Gained mutation: Armour fits poorly on your pseudopods. [Jiyva's grace]
   806 | D        | Gained mutation: Armour fits poorly on your large pseudopods. [Jiyva's grace]
   877 | D        | Noticed a hippogriff
   877 | D        | Lost mutation: Your mind is acute. (Int +2) [Jiyva's grace]
   879 | D        | Lost mutation: You have a small jelly attached to you that senses nearby items. [Jiyva's grace]
   889 | D        | Noticed a komodo dragon
   890 | D        | Lost mutation: You have acidic saliva. [Jiyva's grace]
   932 | D        | Killed a hippogriff
   932 | D        | Reached skill level 17 in Stealth
   950 | D        | Killed a komodo dragon
   950 | D        | Reached skill level 10 in Short Blades
   950 | D        | Reached skill level 18 in Stealth
  1169 | D        | Noticed a hippogriff
  1169 | D        | Noticed a black mamba
  1170 | D        | Noticed a four-headed hydra
  1171 | D        | Killed a hippogriff
  1171 | D        | Reached skill level 10 in Hexes
  1171 | D        | Reached XP level 9. HP: 34/44 MP: 22/24
  1172 | D        | Noticed a komodo dragon
  1173 | D        | Reached skill level 19 in Stealth
  1225 | D        | Killed a four-headed hydra
  1225 | D        | Reached skill level 20 in Stealth
  1229 | D        | Killed a black mamba
  1229 | D        | Reached skill level 21 in Stealth
  1239 | D        | Gained mutation: Your system is resistant to poisons. (rPois) [Jiyva's grace]
  1242 | D        | Lost mutation: Your system is resistant to poisons. (rPois) [Jiyva's grace]
  1272 | D        | Lost mutation: Your skin changes colour to match your surroundings (Stealth+). [Jiyva's grace]
  1277 | D        | Lost mutation: You have an increased reservoir of magic. (+10% MP) [Jiyva's grace]
  1316 | D        | Gained mutation: You have acidic saliva. [Jiyva's grace]
  1318 | D        | Lost mutation: You possess an exceptional clarity of mind. [Jiyva's grace]
  1318 | D        | Lost mutation: You have acidic saliva. [Jiyva's grace]
  1322 | D        | Gained mutation: You have sharp toenails. [Jiyva's grace]
  1323 | D        | Killed a komodo dragon
  1323 | D        | Reached skill level 10 in Spellcasting
  1323 | D        | Gained mutation: You are agile. (Dex +2) [Jiyva's grace]
  1332 | D        | Gained mutation: You have an increased reservoir of magic. (+10% MP) [Jiyva's grace]
  1335 | D        | Gained mutation: You are partially covered in iridescent scales. (AC +2) [Jiyva's grace]
  1335 | D        | Lost mutation: You have an increased reservoir of magic. (+10% MP) [Jiyva's grace]
  1335 | D        | Lost mutation: You are agile. (Dex +2) [Jiyva's grace]
  1335 | D        | Gained mutation: Your mind is acute. (Int +2) [Jiyva's grace]
  1339 | D        | Lost mutation: You are partially covered in iridescent scales. (AC +2) [Jiyva's grace]
  1341 | D        | Lost mutation: You have sharp toenails. [Jiyva's grace]
  1341 | D        | Gained mutation: Your muscles are strong. (Str +2) [Jiyva's grace]
  1342 | D        | Lost mutation: Armour fits poorly on your large pseudopods. [Jiyva's grace]
  1343 | D        | Gained mutation: You have large cloven feet. [Jiyva's grace]
  1350 | D        | Lost mutation: You have large cloven feet. [Jiyva's grace]
  1360 | D        | Gained mutation: You are agile. (Dex +2) [Jiyva's grace]
  1362 | D        | Gained mutation: Potions are less effective at restoring your health. [Jiyva's grace]
  1364 | D        | Noticed a polar bear
  1364 | D        | Noticed a polar bear
  1364 | D        | Noticed a polar bear
  1364 | D        | Noticed a polar bear
  1365 | D        | Noticed a polar bear
  1365 | D        | Lost mutation: Your muscles are strong. (Str +2) [Jiyva's grace]
  1366 | D        | Killed a polar bear
  1366 | D        | Reached XP level 10. HP: 49/49 MP: 25/25
  1366 | D        | Gained mutation: Your body sometimes deteriorates upon taking damage. [Jiyva's grace]
  1366 | D        | Gained mutation: You have a small jelly attached to you that senses nearby items. [Jiyva's grace]
  1370 | D        | Reached skill level 22 in Stealth
  1370 | D        | Gained mutation: You are partially covered in slimy green scales. (AC +2) [Jiyva's grace]
  1372 | D        | Lost mutation: Potions are less effective at restoring your health. [Jiyva's grace]
  1382 | D        | Gained mutation: Your body has grown golden eyes which may confuse attackers. (Acc +3) [Jiyva's grace]
  1384 | D        | Lost mutation: Armour fits poorly on your pseudopods. [Jiyva's grace]
  1390 | D        | Gained mutation: Your spells are a little harder to cast, but a little more powerful. [Jiyva's grace]
  1706 | D        | Gained mutation: Your translucent skin slightly reduces your foes' accuracy. (Stealth) [Jiyva's grace]
  1733 | D        | Gained mutation: Your mind is very acute. (Int +4) [Jiyva's grace]
  1738 | D        | Lost mutation: You have a small jelly attached to you that may absorb incoming projectiles. [Jiyva's grace]
  1745 | D        | Gained mutation: You have a small jelly attached to you that may absorb incoming projectiles. [Jiyva's grace]
  1749 | D        | Noticed Josephine
  1764 | D        | Gained mutation: You have a pair of small antennae on your head. [Jiyva's grace]
  1777 | D        | Gained mutation: Your flesh is cold resistant. (rC+) [Jiyva's grace]
  1881 | D        | Killed Josephine
  1881 | D        | Reached skill level 23 in Stealth
  2217 | D        | Noticed an orc sorcerer
  2289 | D        | Gained mutation: You are somewhat resistant to further mutation. [Jiyva's grace]
  2289 | D        | Gained mutation: Your rubbery body absorbs attacks. (AC +1, EV +1) [Jiyva's grace]
  2289 | D        | Lost mutation: Your mind is very acute. (Int +4) [Jiyva's grace]
  2307 | D        | Lost mutation: You have a small jelly attached to you that may absorb incoming projectiles. [Jiyva's grace]
  2343 | D        | Killed an orc sorcerer
  2343 | D        | Reached skill level 24 in Stealth
  2383 | D        | Lost mutation: You have a pair of small antennae on your head. [Jiyva's grace]
  2401 | D        | Lost mutation: Your flesh is cold resistant. (rC+) [Jiyva's grace]
  2408 | D        | Gained mutation: You have sharp fingernails. [Jiyva's grace]
  2411 | D        | Gained mutation: You have a small jelly attached to you that may absorb incoming projectiles. [Jiyva's grace]
  2421 | D        | Gained mutation: You passively map a small area around you. [Jiyva's grace]
  2428 | D        | Gained mutation: Armour fits poorly on your pseudopods. [Jiyva's grace]
  2436 | D        | Lost mutation: Your body sometimes deteriorates upon taking damage. [Jiyva's grace]
  2537 | D        | Noticed an orc knight
  2542 | D        | Lost mutation: You passively map a small area around you. [Jiyva's grace]
  2545 | D        | Gained mutation: Your muscles are strong. (Str +2) [Jiyva's grace]
  2551 | D        | Lost mutation: Your body has grown golden eyes which may confuse attackers. (Acc +3) [Jiyva's grace]
  2558 | D        | Gained mutation: You passively map a small area around you. [Jiyva's grace]
  2558 | D        | Lost mutation: Your muscles are strong. (Str +2) [Jiyva's grace]
  2558 | D        | Lost mutation: You are somewhat resistant to further mutation. [Jiyva's grace]
  2562 | D        | Gained mutation: Your translucent skin reduces your foes' accuracy. (Stealth) [Jiyva's grace]
  2593 | D        | Lost mutation: Armour fits poorly on your pseudopods. [Jiyva's grace]
  2598 | D        | Gained mutation: Your transparent skin significantly reduces your foes' accuracy. (Stealth) [Jiyva's grace]
  2599 | D        | Gained mutation: You have acidic saliva. [Jiyva's grace]
  2602 | D        | Lost mutation: You passively map a small area around you. [Jiyva's grace]
  2603 | D        | Lost mutation: You have acidic saliva. [Jiyva's grace]
  2605 | D        | Gained mutation: You evolve. [Jiyva's grace]
  2607 | D        | Lost mutation: You are partially covered in slimy green scales. (AC +2) [Jiyva's grace]
  2612 | D        | Lost mutation: You have a small jelly attached to you that senses nearby items. [Jiyva's grace]
  2615 | D        | Lost mutation: Your rubbery body absorbs attacks. (AC +1, EV +1) [Jiyva's grace]
  2618 | D        | Gained mutation: Your flesh is cold resistant. (rC+) [Jiyva's grace]
  2618 | D        | Gained mutation: You have large cloven feet. [Jiyva's grace]
  2623 | D        | Gained mutation: You passively map a small area around you. [Jiyva's grace]
  2627 | D        | Lost mutation: You have large cloven feet. [Jiyva's grace]
  2631 | D        | Gained mutation: You are very agile. (Dex +4) [Jiyva's grace]
  2632 | D        | Gained mutation: You are partially covered in yellow scales. (AC +2) [Jiyva's grace]
  2636 | D        | Lost mutation: You are very agile. (Dex +4) [Jiyva's grace]
  2639 | D        | Gained mutation: Armour fits poorly on your pseudopods. [Jiyva's grace]
  2639 | D        | Gained mutation: Armour fits poorly on your large pseudopods. [Jiyva's grace]
  2641 | D        | Lost mutation: You have a small jelly attached to you that may absorb incoming projectiles. [Jiyva's grace]
  2684 | D        | Killed an orc knight
  2684 | D        | Reached XP level 11. HP: 53/53 MP: 15/28
  2737 | D        | Noticed an orc knight
  2748 | D        | Killed an orc knight
  2748 | D        | Reached skill level 5 in Ice Magic
  2929 | D        | Found Heequide's Jewellery Emporium.
  2929 | D        | Noticed an orc high priest
  2929 | D        | Noticed an orc knight
  2929 | D        | Noticed an orc knight
  2929 | D        | Noticed an orc high priest
  2929 | D        | Noticed an orc high priest
  2930 | D        | Noticed an orc high priest
  2931 | D        | Killed an orc high priest
  2932 | D        | Found Tohyodd's Gadget Shoppe.
  2933 | D        | Killed an orc knight
  2933 | D        | Reached skill level 25 in Stealth
  2934 | D        | Noticed an orc high priest
  2940 | D        | Gained mutation: You tend to lose your temper in combat. [Jiyva's grace]
  2941 | D        | Gained mutation: You have a small jelly attached to you that senses nearby items. [Jiyva's grace]
  2950 | D        | Lost mutation: Your transparent skin significantly reduces your foes' accuracy. (Stealth) [Jiyva's grace]
  2950 | D        | Lost mutation: You have a small jelly attached to you that senses nearby items. [Jiyva's grace]
  2953 | D        | Lost mutation: You tend to lose your temper in combat. [Jiyva's grace]
  2957 | D        | Lost mutation: Your flesh is cold resistant. (rC+) [Jiyva's grace]
  2959 | D        | Gained mutation: You rapidly evolve. [Jiyva's grace]
  2983 | D        | Gained mutation: Your muscles are strong. (Str +2) [Jiyva's grace]
  2983 | D        | Gained mutation: Your mind is very acute. (Int +4) [Jiyva's grace]
  3016 | D        | Killed an orc knight
  3038 | D        | Killed an orc high priest
  3050 | D        | Killed an orc high priest
  3088 | D        | Gained mutation: You are covered in slimy tendrils that may disarm your opponents. [Jiyva's grace]
  3108 | D        | Killed an orc high priest
  3122 | D        | Gained mutation: Armour fits poorly on your massive pseudopods. [Jiyva's grace]
  3122 | D        | Gained mutation: You are partially covered in slimy green scales. (AC +2) [Jiyva's grace]
  3138 | D        | Gained mutation: Your rubbery body absorbs attacks. (AC +1, EV +1) [Jiyva's grace]
  3138 | D        | Gained mutation: You have acidic saliva. [Jiyva's grace]
  3144 | D        | Gained mutation: You have sharp toenails. [Jiyva's grace]
  3144 | D        | Lost mutation: Your spells are a little harder to cast, but a little more powerful. [Jiyva's grace]
  3193 | D        | Noticed a sun demon
  3196 | D        | Killed an orc high priest
  3219 | D        | Noticed an orc knight
  3234 | D        | Killed an orc knight
  3239 | D        | Found Moosm's General Store.
  3243 | D        | Found Ethraj's General Store.
  3245 | D        | Noticed an orc high priest
  3246 | D        | Noticed an orc knight
  3247 | D        | Noticed an orc high priest
  3248 | D        | Noticed an orc high priest
  3249 | D        | Noticed an orc knight
  3411 | D        | Lost mutation: Your rubbery body absorbs attacks. (AC +1, EV +1) [Jiyva's grace]
  3411 | D        | Lost mutation: You are covered in slimy tendrils that may disarm your opponents. [Jiyva's grace]
  3414 | D        | Gained mutation: Your flesh is heat resistant. (rF+) [Jiyva's grace]
  3419 | D        | Lost mutation: Armour fits poorly on your massive pseudopods. [Jiyva's grace]
  3444 | D        | Killed an orc high priest
  3539 | D        | Slimified an orc knight
  3539 | D        | an orc knight changed into a slime creature
  3540 | D        | Gained mutation: You have razor-sharp toenails. [Jiyva's grace]
  3601 | D        | Killed an orc high priest
  3617 | D        | Killed an orc high priest
  3627 | D        | Lost mutation: Your muscles are strong. (Str +2) [Jiyva's grace]
  3639 | D        | Killed an orc knight
  3640 | D        | Gained mutation: You have a small jelly attached to you that may absorb incoming projectiles. [Jiyva's grace]
  3650 | D        | Gained mutation: You are covered in slimy tendrils that may disarm your opponents. [Jiyva's grace]
  3664 | D        | Bought a potion of berserk rage for 50 gold pieces
  3664 | D        | Bought a potion of berserk rage for 50 gold pieces
  3664 | D        | Bought a scroll of blinking for 75 gold pieces
  3664 | D        | Bought a scroll of blinking for 75 gold pieces
  3672 | D        | Bought a +2 ring of slaying for 231 gold pieces
  3783 | D        | Noticed Gastronok
  4031 | D        | Gained mutation: You are resistant to electric shocks. (rElec) [evolution]
  4104 | D        | Killed Gastronok
  4108 | D        | Lost mutation: Your flesh is heat resistant. (rF+) [Jiyva's grace]
  4108 | D        | Gained mutation: Your body has grown golden eyes which may confuse attackers. (Acc +3) [Jiyva's grace]
  4383 | D        | Noticed a fire dragon
  4429 | D        | Gained mutation: You are robust. (+10% HP) [Jiyva's grace]
  4455 | D        | Noticed a vampire knight
  4456 | D        | Noticed an ogre mage
  4459 | D        | Killed a fire dragon
  4459 | D        | Reached skill level 26 in Stealth
  4460 | D        | Noticed a deep troll shaman
  4489 | D        | Gained mutation: Your system is resistant to poisons. (rPois) [Jiyva's grace]
  4601 | D        | Paralysed by a vampire knight for 5 turns
  4606 | D        | Annihilated by a vampire knight

Vault maps used:
D:        linesprint

Skill      XL: |  1  2  3  4  5  6  7  8  9 10 11 |
---------------+----------------------------------+-----
Stealth        | 6 8 10 13 14 16 18 21 24 26 | 26.0
Hexes          | 4 5 6 8 10 11 12 14 | 14.3
Spellcasting   | 3 4 5 6 8 10 12 13 | 13.7
Short Blades   | 2 3 4 7 9 10 11 | 11.9
Dodging        | 4 5 6 7 8 |  8.6
Fighting       | 1 2 3 4 |  4.5
Ice Magic      | 1 2 3 4 5 |  5.1

Action                   |  1- 3 |  4- 6 |  7- 9 | 10-12 || total
-------------------------+-------+-------+-------+-------++-------
Melee: Dagger            |    36 |       |       |       ||    36
       Rapier            |    12 |     5 |    21 |   108 ||   146
       Pseudopods        |       |       |       |     9 ||     9
       Kick              |       |       |       |     6 ||     6
       Bite              |       |       |       |     2 ||     2
 Cast: Ensorcelled Hiber |     3 |       |    17 |    19 ||    39
       Confuse           |       |     1 |     8 |    36 ||    45
Invok: Request Jelly     |       |     1 |     3 |    90 ||    94
       Slimify           |       |       |       |     2 ||     2
  Use: Potion            |     2 |       |       |     1 ||     3
       Scroll            |       |       |       |     2 ||     2
 Stab: Sleeping          |     2 |     4 |    14 |    12 ||    32
       Confused          |       |     1 |     2 |    21 ||    24
       Distracted        |       |       |       |     2 ||     2
Armor: Robe              |     4 |       |       |     1 ||     5
Dodge: Dodged            |    46 |     3 |     7 |    58 ||   114

Table legend:
 A = Spawn XP
 B = Non-spawn XP
 C = Spawn XP percentage of total XP
 D = Spawn monster count
 E = Non-spawn monster count
 F = Spawn count percentage of total count
 G = Total turns spent on level
                    A         B        C        D         E        F      G
               +---------+---------+-------+---------+---------+-------+---------
         Total |       0 |   17726 |   0.0 |       0 |      85 |   0.0 |  4606
               +---------+---------+-------+---------+---------+-------+---------
             D |       0 |   17726 |   0.0 |       0 |      85 |   0.0 |  4606
               +---------+---------+-------+---------+---------+-------+---------
